 Dungeon Crawl Stone Soup version 0.29.0-4-gdea44cf6ec (webtiles) character file.

Game seed: 11945257744964178205

306 qw the Chopper (level 6, -1/52 HPs)
             Began as a Minotaur Berserker on Sept 9, 2022.
             Was a Believer of Trog.
             Slain by a gnoll sergeant
             ... wielding a +0 spear
              (3 damage)
             ... on level 4 of the Dungeon.
             The game lasted 00:01:04 (3346 turns).

qw the Chopper (Minotaur Berserker)                 Turns: 3346, Time: 00:01:04

Health: -1/52      AC: 11    Str: 24    XL:     6   Next: 16%
Magic:  5/5        EV:  8    Int:  4    God:    Trog [**....]
Gold:   241        SH:  4    Dex: 11    Spells: 5/5 levels left

rFire   . . .      SeeInvis +   Y - +1 hand axe (venom)
rCold   . . .      Faith    .   b - +0 buckler
rNeg    . . .      Spirit   .   a - +1 chain mail of the Trout {Dex+2}
rPois   .          Reflect  .   (helmet restricted)
rElec   .          Harm     .   f - +1 cloak
rCorr   .          Rampage  .   (no gloves)
Will    .....                   (no boots)
Stlth   ..........              (no amulet)
HPRegen 0.17/turn               q - ring of see invisible
MPRegen 0.09/turn               (no ring)

@: about to teleport, weakened, on berserk cooldown, slowed, very slow
A: horns 2, retaliatory headbutt
a: Renounce Religion, Berserk, Trog's Hand


You were on level 4 of the Dungeon.
You worshipped Trog.
Trog was pleased with you.
You visited 1 branch of the dungeon, and saw 4 of its levels.

You collected 241 gold pieces.


Innate Abilities, Weirdness & Mutations

You have a pair of horns on your head.
You reflexively headbutt those who attack you in melee.


   Skills:
 - Level 4.0 Fighting
 + Level 7.7 Axes
 - Level 2.4 Armour
 - Level 2.1 Dodging
 - Level 2.5 Shields


You had 5 spell levels left.
You didn't know any spells.
Your spell library was empty.

Inventory:

Hand Weapons
 r - a +0 flail
 Y - a +1 hand axe of venom (weapon)
Missiles
 e - 4 boomerangs (quivered)
Armour
 a - the +1 chain mail of the Trout (worn) {Dex+2}
   (You found it on level 3 of the Dungeon)

   Dex:       It affects your dexterity (+2).
 b - a +0 buckler (worn)
 f - a +1 cloak (worn)
Jewellery
 q - a ring of see invisible (left hand)
Scrolls
 h - a scroll of blinking {unknown}
 i - a scroll of teleportation
 n - 3 scrolls of identify
Potions
 c - 2 potions of brilliance {unknown}
 d - 2 potions of heal wounds {unknown}
 g - a potion of mutation {unknown}
 j - a potion of resistance {unknown}
 k - a potion of attraction {unknown}
 l - a potion of might {unknown}

Dungeon Overview and Level Annotations

Branches:
Dungeon (4/15)
 Temple: D:4-7

Altars:
Ashenzari
Cheibriados
Uskayaw

Shops:
D:2 (

Annotations:
D:3 1 runed translucent door, Crazy Yiuf


Message History

The gnoll sergeant hits you from afar with a +0 spear.
The gnoll hits you with a +0 whip! The gnoll hits you but does no damage.
You block the gnoll's attack.
The gnoll bouda gazes fiercely through you!
You feel your attacks grow feeble.
A gnoll comes into view. It is wielding a +0 whip.
You completely miss the gnoll.
The gnoll is moderately wounded.
The gnoll closely misses you. You block the gnoll sergeant's attack.
The gnoll barely misses you. The gnoll completely misses you.
The gnoll barely misses you.
The gnoll hits you from afar with a +0 spear.
The gnoll sergeant hits you from afar with a +0 spear.
The gnoll hits you but does no damage.
A gnoll comes into view.
It is wielding the +3 woodcutter's axe {vorpal}.
You hit the gnoll.
The gnoll looks even sicker.
You headbutt the gnoll.
The gnoll is almost dead.
You kill the gnoll!
Trog accepts your kill. The gnoll barely misses you.
The gnoll sergeant hits you from afar with a +0 spear.
The gnoll hits you but does no damage. You block the gnoll's attack.
The gnoll sergeant hits you but does no damage.
The gnoll hits you but does no damage.
The gnoll hits you from afar with a +0 spear.
The gnoll barely misses you. x2; You block the gnoll's attack.
Things that are here:
a +0 hand axe; a gnoll corpse
3346 ||| READING 2 scrolls of teleportation.
As you read the scroll of teleportation, it crumbles to dust.
You feel strangely unstable. You block the gnoll's attack.
The gnoll sergeant hits you but does no damage.
The gnoll hits you but does no damage.
The gnoll bouda hits you with a +0 whip.
The gnoll barely misses you. You block the gnoll's attack.
The gnoll hits you from afar with a +0 spear!
The gnoll sergeant hits you with a +0 spear.
You die... ## ######## .##### #......# .....# #.####)# ...#.# #.# 7)7 .....######.# 77.77 ............# 7)@g7 .....######## 7g.g7 ...#.# 7.gggg7

.....# 7.7g.)7
.########## ....7..
...##.....# )........
...##.....#7.###'###.7
#..##.....#7. .... .7
...##.....#


You could see a gnoll sergeant (swift), a gnoll bouda and 6 gnolls.

Vanquished Creatures
  A necrophage (D:4)
  An orc priest (D:3)
  A hound (D:4)
  An orc wizard (D:4)
  5 gnolls (D:4)
  2 adders (D:2)
  An ufetubus (D:4)
  2 worms (D:2)
  A dart slug (D:1)
  12 orcs
  9 endoplasms
  A giant cockroach (D:1)
  5 hobgoblins
  4 jackals (D:2)
  2 kobolds
  A quokka (D:2)
  6 ball pythons
  6 bats
  2 frilled lizards
  5 goblins
  8 rats
76 creatures vanquished.

Vanquished Creatures (others)
  5 plants (D:2)
5 creatures vanquished.

Grand Total: 81 creatures vanquished

Notes
Turn   | Place    | Note
-------+----------+-------------------------------------------
     0 | D:1      | qw the Minotaur Berserker began the quest for the Orb.
     0 | D:1      | Reached XP level 1. HP: 19/19 MP: 0/0
     0 | D:1      | 0 ||| qw: Version: 0.1-a-113-g051387a
     0 | D:1      | 0 ||| qw: Game counter: 7058
     0 | D:1      | 0 ||| qw: Always use a shield: true
     0 | D:1      | 0 ||| qw: Do Orc after D:15 true
     0 | D:1      | 0 ||| qw: Do second Lair branch before Depths: true
     0 | D:1      | 0 ||| qw: Lair rune preference: random
     0 | D:1      | 0 ||| qw: Plans: Normal
     0 | D:1      | 0 ||| PLANNING D:1-11
   104 | D:1      | 104 ||| Stepping ~*~*~tactically~*~*~ (stealth).
   110 | D:1      | Reached skill level 4 in Axes
   113 | D:1      | 113 ||| Stepping ~*~*~tactically~*~*~ (stealth).
   114 | D:1      | 114 ||| Stepping ~*~*~tactically~*~*~ (stealth).
   115 | D:1      | 115 ||| Stepping ~*~*~tactically~*~*~ (stealth).
   161 | D:1      | Reached XP level 2. HP: 26/26 MP: 1/1
   187 | D:1      | 187 ||| Stepping ~*~*~tactically~*~*~ (hiding).
   289 | D:1      | 289 ||| Stepping ~*~*~tactically~*~*~ (hiding).
   291 | D:1      | 291 ||| Stepping ~*~*~tactically~*~*~ (hiding).
   619 | D:1      | 619 ||| UPGRADING to +0 leather armour.
   629 | D:1      | 629 ||| DROPPING +0 animal skin.
   630 | D:1      | 630 ||| UPGRADING to +0 cloak.
   635 | D:1      | 635 ||| READING scroll labelled FUX ON MERAH.
   636 | D:1      | 636 ||| READING scroll labelled ZATARI YFUZ.
   637 | D:1      | 637 ||| DRINKING 2 dark potions.
   638 | D:1      | 638 ||| DROPPING potion of degeneration.
   667 | D:2      | 667 ||| STAIRDANCE
   689 | D:2      | 689 ||| INVOKING Berserk.
   690 | D:2      | 690 ||| INVOKING Berserk.
   693 | D:2      | Reached skill level 5 in Axes
   811 | D:2      | 811 ||| Stepping ~*~*~tactically~*~*~ (stealth).
   822 | D:2      | Reached XP level 3. HP: 28/31 MP: 2/2
  1059 | D:2      | Reached ** piety under Trog
  1061 | D:2      | 1061 ||| FLEEEEING.
  1268 | D:2      | 1268 ||| DROPPING +0 club.
  1308 | D:2      | 1308 ||| INVOKING Berserk.
  1329 | D:2      | Reached skill level 6 in Axes
  1329 | D:2      | Reached XP level 4. HP: 32/39 MP: 3/3
  1382 | D:2      | Found Citann's Antique Weapon Boutique.
  1390 | D:2      | 1390 ||| SHOPLISTING glowing flail (182 gold, have 76).
  1390 | D:2      | 1390 ||| SHOPLISTING glowing mace (168 gold, have 76).
  1390 | D:2      | 1390 ||| SHOPLISTING glowing whip (154 gold, have 76).
  1390 | D:2      | 1390 ||| SHOPLISTING smoking whip (210 gold, have 76).
  1658 | D:2      | 1658 ||| UPGRADING to +0 buckler.
  1663 | D:2      | 1663 ||| UPGRADING to +0 chain mail.
  1673 | D:2      | 1673 ||| DROPPING +0 leather armour.
  1674 | D:2      | 1674 ||| READING scroll labelled GESANAOSTRONT.
  1678 | D:2      | 1678 ||| READING scroll labelled FEC AJYPNOPH.
  1679 | D:2      | 1679 ||| READING scroll labelled LAINNUNNUTWO.
  1685 | D:3      | Found a faded altar of an unknown god.
  1687 | D:3      | 1687 ||| Stepping ~*~*~tactically~*~*~ (stealth).
  1688 | D:3      | 1688 ||| Stepping ~*~*~tactically~*~*~ (stealth).
  1700 | D:3      | 1700 ||| FLEEEEING.
  1701 | D:3      | 1701 ||| STAIRDANCE
  1837 | D:3      | Identified the +1 chain mail of the Trout {Dex+2}
  1944 | D:3      | 1944 ||| DROPPING +0 mace.
  2059 | D:3      | Found a broken altar of Ashenzari.
  2060 | D:3      | Found a hide-covered altar of Uskayaw.
  2121 | D:3      | Reached skill level 1 in Shields
  2284 | D:3      | Found a runed translucent door.
  2285 | D:3      | Noticed Crazy Yiuf
  2349 | D:3      | 2349 ||| Stepping ~*~*~tactically~*~*~ (stealth).
  2350 | D:3      | 2350 ||| Stepping ~*~*~tactically~*~*~ (stealth).
  2567 | D:3      | 2567 ||| Stepping ~*~*~tactically~*~*~ (hiding).
  2570 | D:3      | 2570 ||| INVOKING Berserk.
  2640 | D:3      | 2640 ||| DROPPING +2 whip of venom.
  2748 | D:3      | Found a snail-covered altar of Cheibriados.
  2828 | D:3      | 2828 ||| UPGRADING to +1 chain mail of the Trout {Dex+2}.
  2838 | D:3      | 2838 ||| DROPPING +0 chain mail.
  2839 | D:3      | 2839 ||| UPGRADING to ring of see invisible.
  2840 | D:3      | 2840 ||| READING scroll labelled JIZAM VOSHEU.
  2841 | D:3      | 2841 ||| READING scroll labelled VATOIPPICO.
  2842 | D:3      | 2842 ||| READING scroll labelled FUL NIMNOPT.
  2843 | D:3      | 2843 ||| DRINKING 2 murky black potions.
  2844 | D:3      | 2844 ||| DROPPING potion of flight.
  2906 | D:4      | Noticed a necrophage
  2911 | D:4      | Killed a necrophage
  2912 | D:4      | Reached XP level 5. HP: 45/45 MP: 4/4
  2938 | D:4      | Reached skill level 7 in Axes
  2949 | D:4      | 2949 ||| Stepping ~*~*~tactically~*~*~ (stealth).
  2964 | D:4      | 2964 ||| READING scroll of enchant armour.
  2964 | D:4      | 2964 ||| ENCHANTING +0 cloak.
  3047 | D:4      | Noticed Eustachio
  3119 | D:4      | 3119 ||| Stepping ~*~*~tactically~*~*~ (stealth).
  3124 | D:4      | 3124 ||| Stepping ~*~*~tactically~*~*~ (stealth).
  3154 | D:4      | 3154 ||| Stepping ~*~*~tactically~*~*~ (stealth).
  3155 | D:4      | 3155 ||| Stepping ~*~*~tactically~*~*~ (stealth).
  3160 | D:4      | 3160 ||| Stepping ~*~*~tactically~*~*~ (hiding).
  3163 | D:4      | 3163 ||| INVOKING Berserk.
  3323 | D:4      | 3323 ||| Stepping ~*~*~tactically~*~*~ (hiding).
  3327 | D:4      | 3327 ||| INVOKING Berserk.
  3333 | D:4      | Reached XP level 6. HP: 52/52 MP: 5/5
  3345 | D:4      | HP: 13/52 [gnoll/+0 spear (1)]
  3346 | D:4      | 3346 ||| READING 2 scrolls of teleportation.
  3346 | D:4      | HP: 2/52 [gnoll/+0 spear (7)]
  3346 | D:4      | Slain by a gnoll sergeant

Levels and vault maps discovered:
D:1:      lightli_arrival_noodles, layout_rooms
D:2:      layout_basic, serial_shops, nicolae_shop_overgrown_old_shop,
          kennysheep_cross_bottleneck, kennysheep_minor_cross
D:3:      layout_loops_corners, nicolae_overflow_hidden_temple,
          nicolae_ecumenical_oubliette, moated_statue, minmay_distorted,
          uniq_crazy_yiuf_cottage
D:4:      layout_loops_cross, lemuel_tele_altar, tso_oasis_becter,
          pf_guarded_unrand_woodcutter, uniq_eustachio

Skill      XL: |  1  2  3  4  5 |
---------------+----------------+-----
Axes           | 4 5 6 7 |  7.7
Shields        | 2 |  2.5
Fighting       | 4 |  4.0
Armour         | |  2.4
Dodging        | |  2.1

Action                   |  1- 3 |  4- 6 || total
-------------------------+-------+-------++-------
Melee: Hand axe          |    63 |    55 ||   118
       Headbutt          |     9 |    10 ||    19
Throw: Boomerang         |    55 |    42 ||    97
Invok: Berserk           |     2 |     3 ||     5
  Use: Scroll            |     2 |     8 ||    10
       Potion            |     1 |     1 ||     2
Armor: Animal skin       |     8 |       ||     8
       Leather armour    |    13 |       ||    13
       Chain mail        |       |    23 ||    23
Dodge: Dodged            |    45 |    26 ||    71
Block: Buckler           |       |     8 ||     8

Table legend:
 A = Non-vault XP
 B = Vault XP
 C = Vault XP percentage of total XP
 D = Non-vault monster count
 E = Vault monster count
 F = Vault count percentage of total count
                 A         B        C        D         E       F
            +---------+---------+-------+---------+---------+-------
      Total |     364 |      74 |  16.9 |      70 |       6 |   7.9
            +---------+---------+-------+---------+---------+-------
        D:1 |      27 |       0 |   0.0 |      17 |       0 |   0.0
        D:2 |      76 |       0 |   0.0 |      27 |       0 |   0.0
        D:3 |      65 |       2 |   3.0 |      11 |       1 |   8.3
        D:4 |     196 |      72 |  26.9 |      15 |       5 |  25.0
            +---------+---------+-------+---------+---------+-------
